 Dungeon Crawl Stone Soup version 0.22-a0-283-g1871b15 (webtiles) character file.

19 puppykicker the Digger (level 2, -4/20 HPs)
             Began as a Minotaur Earth Elementalist on Mar 18, 2018.
             Slain by an ice beast (7 damage)
             ... on level 2 of the Dungeon.
             The game lasted 00:02:07 (1013 turns).

puppykicker the Digger (MiEE)                       Turns: 1013, Time: 00:02:08

Health: -4/20      AC:  2    Str: 12    XL:     2   Next: 55%
Magic:  2/3        EV: 12    Int: 12    God:
Gold:   5          SH:  0    Dex: 10    Spells: 3/4 levels left

rFire    . . .     SeeInvis .   a - +2 dagger (drain)
rCold    . . .     Gourm    .   (no shield)
rNeg     . . .     Faith    .   c - +0 robe
rPois    .         Spirit   .   (helmet restricted)
rElec    .         Reflect  .   (no cloak)
rCorr    .         Harm     .   (no gloves)
MR       .....                  (no boots)
Stlth    ++........             (no amulet)
HPRegen  0.06/turn              f - ring of flight
MPRegen  0.08/turn              (no ring)

@: no status effects
A: retaliatory headbutt, horns 2
a: Evoke Flight


You were on level 2 of the Dungeon.
You were hungry.

You visited 1 branch of the dungeon, and saw 2 of its levels.

You collected 5 gold pieces.


Innate Abilities, Weirdness & Mutations

You reflexively headbutt those who attack you in melee.
You have a pair of horns on your head.


   Skills:
 - Level 2.1 Dodging
 - Level 1.5 Stealth
 + Level 1.8 Spellcasting
   Level 0.7 Transmutations
 + Level 2.8 Earth Magic


You had 3 spell levels left.
You knew the following spells:

 Your Spells              Type           Power        Failure   Level  Hunger
a - Sandblast             Erth           #.....       9%          1    ##.....

Inventory:

Hand Weapons
 a - a +2 dagger of draining (weapon)
 b - a +0 short sword
Missiles
 h - 65 stones (quivered)
 l - 5 poisoned needles
Armour
 c - a +0 robe (worn)
Jewellery
 f - a ring of flight (left hand)
Scrolls
 g - a scroll of enchant armour {unknown}
 i - a scroll of random uselessness {unknown}
 j - 2 scrolls of magic mapping {unknown}
Potions
 e - a potion of curing {unknown}
Comestibles
 d - a ration
 k - a chunk of flesh {@w1}

Dungeon Overview and Level Annotations

Branches:
Dungeon (2/15)

Altars:

### ..# #
#.# #
#.##.##.#
#.......#
####Y####
##@##
#...###
#.....#
#...#.#
.#
#####.# .
#.# #
##.## #..
##...## .
#.....#


You could see an ice beast.


Message History

The ice beast is lightly wounded.
The ice beast misses you.
You barely miss the ice beast. You headbutt the ice beast.
The ice beast is lightly wounded.
The ice beast hits you but does no damage.
You hit the ice beast. You drain the ice beast!
The ice beast is lightly wounded.
The ice beast closely misses you.
You barely miss the ice beast.
You headbutt the ice beast, but do no damage.
The ice beast is lightly wounded.
The ice beast misses you. You furiously retaliate!
You headbutt the ice beast! You closely miss the ice beast.
The ice beast is heavily wounded.
The ice beast hits you. The ice beast freezes you!
Ouch! That really hurt!
* * * LOW HITPOINT WARNING * * *
The ice beast hits you but does no damage.
You hit the ice beast but do no damage. You headbutt the ice beast.
The ice beast is severely wounded.
Aiming: Sandblast (safe; 9% risk of failure)
Aim: an ice beast (severely wounded, lightly drained)
The blast of sand hits the ice beast.
The ice beast is severely wounded.
h - 65 stones You are feeling hungry.
The ice beast hits you.
* * * LOW HITPOINT WARNING * * *
The ice beast freezes you!
You die...

Action                   || total
-------------------------++-------
Melee: Short sword       ||    16
       Headbutt          ||     6
       Unarmed           ||     1
       Dagger            ||    21
 Cast: Sandblast         ||     8
Armor: Robe              ||     9
Dodge: Dodged            ||    22

Vault maps used:
D:1:      evilmike_arrival_home_sweet_home, st_stairs_2,
          hangedman_decor_clover_reticule
D:2:      nicolae_ru_great_annihilating_truth, uniq_jessica

Notes
Turn   | Place    | Note
-------+----------+-------------------------------------------
     0 | D:1      | puppykicker the Minotaur Earth Elementalist began the quest for the Orb.
     0 | D:1      | Reached XP level 1. HP: 14/14 MP: 1/1
   422 | D:1      | Reached XP level 2. HP: 14/20 MP: 0/3
  1000 | D:2      | Noticed an ice beast
  1013 | D:2      | Slain by an ice beast

Vanquished Creatures
  A dart slug (D:1)
  A bat (D:1)
  A giant cockroach (D:1)
  5 hobgoblins (D:1)
  4 goblins (D:1)
  3 rats
15 creatures vanquished.
